 Dungeon Crawl Stone Soup version 0.28-a0-503-g83f2989fac (webtiles) character file.

Game seed: 5262596780628108531

81 NoChance the Grasshopper (level 4, 0/37 HPs)
             Began as a Draconian Warper on Sept 20, 2021.
             Was a Follower of Sif Muna.
             Slain by an orc priest (2 damage)
             ... on level 3 of the Dungeon.
             The game lasted 00:19:55 (1401 turns).

NoChance the Grasshopper (Draconian Warper)         Turns: 1401, Time: 00:19:56

Health: 0/37       AC:  5    Str: 13    XL:     4   Next: 20%
Magic:  3/7        EV: 13    Int: 15    God:    Sif Muna [*.....]
Gold:   106        SH:  0    Dex: 16    Spells: 6/8 levels left

rFire   . . .      SeeInvis .   w - +4 quarterstaff
rCold   . . .      Faith    .   (shield currently unavailable)
rNeg    . . .      Spirit   .   (armour unavailable)
rPois   .          Reflect  .   (helmet restricted)
rElec   .          Harm     .   (no cloak)
rCorr   .          Rampage  .   (no gloves)
Will    .....                   (no boots)
Stlth   ++........              m - amulet of the acrobat
HPRegen 0.12/turn               v - +6 ring of dexterity
MPRegen 0.10/turn               (no ring)

@: on berserk cooldown, very slightly contaminated, slowed, very slow
A: AC +5, unfitting armour, cold-blooded
a: Renounce Religion, Channel Magic


You were on level 3 of the Dungeon.
You worshipped Sif Muna.
Sif Muna was aware of your devotion.
You visited 1 branch of the dungeon, and saw 3 of its levels.

You collected 106 gold pieces.

Inventory:

Hand Weapons
 a - a +0 falchion
 b - a +0 mace
 e - a +0 short sword
 k - a +0 dagger
 u - a +0 long sword
 w - a +4 quarterstaff (weapon)
Missiles
 c - 3 boomerangs of dispersal (quivered)
 d - 55 stones
 h - 25 arrows
Armour
 g - a +0 ring mail
 n - a +0 robe
 o - a +0 robe
Jewellery
 m - an amulet of the acrobat (around neck)
 p - a ring of fire
 t - a ring of fire
 v - a +6 ring of dexterity (left hand)
Scrolls
 f - a scroll of identify {unknown}
 j - a scroll of amnesia {unknown}
 l - a scroll of noise {unknown}
 q - a scroll of immolation {unknown}
Potions
 i - a potion of curing {unknown}
 s - a potion of degeneration {unknown}


   Skills:
 + Level 2.6 Fighting
 + Level 2.9 Long Blades
 + Level 0.2 Staves
 + Level 0.8 Throwing
 + Level 2.7 Dodging
 + Level 0.3 Stealth
 + Level 2.5 Spellcasting
 + Level 3.1 Translocations
 + Level 0.1 Invocations


You had 6 spell levels left.
You knew the following spells:

 Your Spells              Type           Power      Damage    Failure   Level
a - Blink                 Tloc           N/A        N/A       9%          2

Your spell library contained the following spells:

 Spells                   Type           Power      Damage    Failure   Level
 Gell's Gravitas          Tloc           5%         N/A       17%         3
 Lesser Beckoning         Tloc           11%        N/A       17%         3
 Teleport Other           Tloc           11%        N/A       17%         3
 Corpse Rot               Necr/Air       N/A        N/A       32%         2
 Poisonous Vapours        Pois/Air       2%         N/A       32%         2
 Manifold Assault         Tloc           11%        N/A       85%         5
 Chain Lightning          Conj/Air       0%         2d1       100%        9
 Fire Storm               Conj/Fire      0%         6d1       100%        9
 Shatter                  Erth           0%         3d5*      100%        9


Dungeon Overview and Level Annotations

Branches:
Dungeon (3/15)

Altars:
Okawaru
Sif Muna


Innate Abilities, Weirdness & Mutations

Your plain brown scales are hard. (AC +5)
You cannot fit into any form of body armour.
You are cold-blooded and may be slowed by cold attacks.


Message History

The orc priest hits you but does no damage.
The orc barely misses you.
You hit the orc but do no damage.
You hear the slow rusting of a very distant drain.
The orc priest hits you but does no damage.
The orc barely misses you.
The orc priest hits you with a +0 dagger.
* * * LOW HITPOINT WARNING * * *
The orc hits you with a +0 short sword of holy wrath.
* * * LOW HITPOINT WARNING * * *
Casting: Blink (safe; 9% risk of failure)
Confirm with . or Enter, or press ? or * to list all spells.
You miscast Blink.
You are very lightly contaminated with residual magic.
Nothing appears to happen.
The orc priest hits you but does no damage.
The orc hits you with a +0 short sword of holy wrath.
* * * LOW HITPOINT WARNING * * *
The orc priest hits you with a +0 dagger.
* * * LOW HITPOINT WARNING * * *
The orc misses you.
Casting: Blink (safe; 9% risk of failure)
Confirm with . or Enter, or press ? or * to list all spells.
You blink.
You are too injured to fight recklessly!
Okay, then.
You are too injured to fight recklessly!
Throw: 4 boomerangs (disperse)
Press: ? - help, Q - select action, (/) - cycle Shift-Dir - straight line, f - orc
Aim: an orc, wielding a +0 short sword of holy wrath and wearing a +1 chain mail of fire resistance (68% to hit)
You throw a boomerang of dispersal.
The boomerang of dispersal barely misses the orc.
You hit the orc but do no damage.
You tail-slap the orc, but do no damage.
The orc hits you with a +0 short sword of holy wrath.
* * * LOW HITPOINT WARNING * * *
You hit the orc.
The orc is heavily wounded.
The orc priest hits you with a +0 dagger.
You die...

#...# #.##.##.## #...#
#.#...#.#
#...######.......##
#........##.....###
o######...####.##.....# #
..........).....##..)####
.........)..<............
#.........).....###..####
######.$@o#.##.#.....# #
#..o......#.##..# #
##....#.####.##..# #
#.......# .#...#
#....w#.# .#.#.#
#.......####.#.#.#
.......##..........#
###.##.##.#####.. .. ..
#.#


You could see a worm, an orc priest and an orc.

Vanquished Creatures
  An orc wizard (D:3)
  2 adders (D:2)
  2 dart slugs
  2 orcs (D:3)
  2 endoplasms
  5 hobgoblins
  A quokka (D:1)
  2 ball pythons
  6 bats
  A frilled lizard (D:1)
  3 goblins
  3 kobolds
  3 rats
33 creatures vanquished.

Vanquished Creatures (others)
  A ball python (D:1)
1 creature vanquished.

Grand Total: 34 creatures vanquished

Notes
Turn   | Place    | Note
-------+----------+-------------------------------------------
     0 | D:1      | NoChance the Draconian Warper began the quest for the Orb.
     0 | D:1      | Reached XP level 1. HP: 17/17 MP: 3/3
   566 | D:1      | Reached XP level 2. HP: 19/24 MP: 5/5
   577 | D:1      | Learned a level 2 spell: Blink
   927 | D:2      | Found an iron altar of Okawaru.
   949 | D:2      | Reached XP level 3. HP: 29/30 MP: 6/6
  1015 | D:2      | Found a faded altar of an unknown god.
  1035 | D:2      | Became a worshipper of Sif Muna the Loreminder
  1035 | D:2      | Reached * piety under Sif Muna
  1377 | D:3      | Reached XP level 4. HP: 25/37 MP: 7/7
  1401 | D:3      | Slain by an orc priest

Illustrated notes

Levels and vault maps discovered:
D:1:      dpeg_arrival_concentric_ovals, layout_loops_ring, minmay_vboxes
D:2:      layout_rooms, basic_altar, chequers_ecumenical_altar_simple
D:3:      layout_loops_cross, cheibrodos_sewer_entry_bend

Action                   |  1- 3 |  4- 6 || total
-------------------------+-------+-------++-------
Melee: Falchion          |    84 |       ||    84
       Tailslap          |    11 |     4 ||    15
       Long sword        |    16 |       ||    16
       Quarterstaff      |     8 |    11 ||    19
       Short sword       |     7 |       ||     7
Throw: Boomerang         |     1 |     1 ||     2
 Cast: Blink             |     6 |     2 ||     8
Invok: Channel Magic     |     2 |       ||     2
  Use: Scroll            |     2 |     1 ||     3
       Potion            |       |     1 ||     1
Armor: Skin              |    59 |     8 ||    67
Dodge: Dodged            |   121 |    16 ||   137

Table legend: (Time is in decaauts)
 A = Elapsed time spent in this place.
 B = Non-inter-level travel time spent in this place.
 C = Inter-level travel time spent in this place.
 D = Time resting spent in this place.
 E = Time spent auto-exploring this place.
 F = Levels seen in this place.
 G = Mean time per level.
                   A        B        C        D        E       F      G
               +--------+--------+--------+--------+--------+-----+--------+
         Total |   1431 |   1431 |      0 |    329 |      0 |   3 |  477.0 |
       Dungeon |   1431 |   1431 |      0 |    329 |      0 |   3 |  477.0 |
               +--------+--------+--------+--------+--------+-----+--------+

Top non-repeatable levels by time:
     D:1: 893 daAuts
     D:2: 428 daAuts
     D:3: 109 daAuts
